 Dungeon Crawl Stone Soup version 0.28.0-43-g3370ac3207 (webtiles) character file.

Game seed: 9659175049282757633

87 Haiku the Ducker (level 4, -3/19 HPs)
             Began as a Felid Air Elementalist on Mar 7, 2022.
             Was a Believer of Dithmenos.
             Slain by an iguana (11 damage)
             ... on level 3 of the Dungeon.
             The game lasted 00:20:35 (3041 turns).

Haiku the Ducker (Felid Air Elementalist)           Turns: 3041, Time: 00:20:35

Health: -3/19      AC:  5    Str:  6    XL:     4   Next: 28%
Magic:  6/8        EV: 18    Int: 16    God:    Dithmenos [**....]
Gold:   151        SH:  0    Dex: 17    Spells: 0/8 levels left
                                        Lives:  0   Deaths: 1

rFire   . . .      SeeInvis +     - Unarmed
rCold   . . .      Faith    .   (shield unavailable)
rNeg    . . .      Spirit   .   (armour unavailable)
rPois   .          Reflect  .   (helmet unavailable)
rElec   .          Harm     .   (cloak unavailable)
rCorr   .          Rampage  .   (gloves unavailable)
Will    .....                   (boots unavailable)
Stlth   +++.......              (no amulet)
HPRegen 0.06/turn               d - +4 ring of protection
MPRegen 0.11/turn               (no ring)

@: wreathed by umbra, quick
A: very small, claws 1, fangs 3, see invisible, speed 1, shaggy fur 1, stealthy
paws, no weapons or thrown items, no armour, multi-lived
a: Renounce Religion, Shadow Step


You were on level 3 of the Dungeon.
You worshipped Dithmenos.
Dithmenos was pleased with you.
You visited 1 branch of the dungeon, and saw 3 of its levels.

You collected 184 gold pieces.
You spent 33 gold pieces at shops.

Inventory:

Jewellery
 d - a +4 ring of protection (left paw)
Potions
 b - 2 potions of heal wounds {unknown}
 c - 2 potions of invisibility
 f - a potion of flight {unknown}
 g - a potion of haste
 i - a potion of might {unknown}


   Skills:
 * Level 1.7 Fighting
 * Level 3.4 Dodging
 * Level 3.3 Stealth
 * Level 1.3 Unarmed Combat
 * Level 2.5 Spellcasting
 * Level 1.4 Conjurations
 * Level 0.1 Hexes
 * Level 0.8 Translocations
 * Level 0.1 Ice Magic
 * Level 3.3 Air Magic
 * Level 1.4 Invocations


You couldn't memorise any spells.
You knew the following spells:

 Your Spells              Type           Power      Damage    Failure   Level
a - Shock                 Conj/Air       36%        1d5       8%          1
b - Static Discharge      Conj/Air       9%         N/A       11%         2
c - Blink                 Tloc           8%         N/A       22%         2
d - Ensorcelled Hibernat  Hex/Ice        4%         N/A       28%         2
e - Freeze                Ice            8%         1d3       19%         1

Your spell library contained the following spells:

 Spells                   Type           Power      Damage    Failure   Level
 Swiftness                Air            12%        N/A       14%         3
 Passwall                 Tmut/Erth      1%         N/A       30%         2
 Lesser Beckoning         Tloc           4%         N/A       38%         3
 Airstrike                Air            6%         N/A       43%         4
 Frozen Ramparts          Ice            4%         1d2       50%         3
 Hailstorm                Conj/Ice       4%         3d4       80%         4
 Manifold Assault         Tloc           4%         N/A       98%         5


Dungeon Overview and Level Annotations

Branches:
Dungeon (3/15)

Altars:
Dithmenos

Shops:
D:1 !   D:2 *

Annotations:
D:3 Ijyb


Innate Abilities, Weirdness & Mutations

You have sharp claws.
You have razor-sharp teeth.
You have supernaturally acute eyesight. (SInv)
You cover ground quickly. (Speed+)
You are covered in fur. (AC +1)
Your paws help you pounce on unaware monsters.
You are incapable of wielding weapons or throwing items.
You cannot wear armour.
You gain extra lives every three experience levels.


Message History

You scratch the goblin.
The goblin is severely wounded.
The goblin hits you with a +0 club.
You closely miss the goblin.
The goblin is heavily wounded.
The goblin completely misses you.
You barely miss the goblin.
The goblin is heavily wounded.
The goblin hits you but does no damage.
Your magical contamination has completely faded away.
You completely miss the goblin.
The goblin is heavily wounded.
The goblin closely misses you.
You closely miss the goblin.
The goblin is heavily wounded.
The goblin hits you but does no damage.
You scratch the goblin.
You kill the goblin!
Dithmenos accepts your kill.
You start resting.
HP restored.
You start resting.
Magic restored.
Okay, then.
An iguana comes into view.
The iguana hisses angrily.
Aiming: Ensorcelled Hibernation (extremely dangerous; 28% risk of failure)
Press: ? - help, Q - select action, (/) - cycle Shift-Dir - straight line, f - iguana
Aim: an iguana (umbra, chance to affect: 44%)
The iguana looks drowsy...
The helpless iguana fails to defend itself.
You claw the iguana!
The iguana is severely wounded.
The iguana bites you!
Ouch! That really hurt!
You scratch the iguana.
The iguana is severely wounded.
The iguana bites you!
Ouch! That really hurt!
You die...

#.# #.# #.#
#.# #.# #.#
#.# ###.#
## ## #.@.#
#. .. #l###
#. ## #. #.
#. #. #. #.
#. #.####
#. #.†...
#.
....).g.###
..#####.##.


You could see an iguana.

Vanquished Creatures
  A hound (D:2)
  8 adders
  An adder skeleton (D:2)
  2 worms (D:2)
  A dart slug (D:1)
  3 bats
  6 endoplasms (D:1)
  3 giant cockroaches
  3 goblins
  2 hobgoblins (D:1)
  4 jackals
  4 quokkas
  6 ball pythons
  3 frilled lizards
  4 kobolds
  3 rats
54 creatures vanquished.

Notes
Turn   | Place    | Note
-------+----------+-------------------------------------------
     0 | D:1      | Haiku the Felid Air Elementalist began the quest for the
                  | Orb.
     0 | D:1      | Reached XP level 1. HP: 7/7 MP: 4/4
    22 | D:1      | Reached skill level 1 in Conjurations
    39 | D:1      | Found a faded altar of an unknown god.
    48 | D:1      | Prayed at the altar of an unknown god.
    48 | D:1      | Became a worshipper of Dithmenos the Shadowed
    48 | D:1      | Reached * piety under Dithmenos
   199 | D:1      | Reached XP level 2. HP: 8/11 MP: 0/6
   285 | D:1      | Learned a level 2 spell: Static Discharge
   569 | D:1      | Found Wuafubro's Distillery.
   574 | D:1      | Bought a potion of curing for 33 gold pieces
  1140 | D:2      | Reached XP level 3. HP: 10/15 MP: 0/7
  1350 | D:1      | Reached skill level 1 in Unarmed Combat
  1739 | D:2      | Reached ** piety under Dithmenos
  1876 | D:2      | Learned a level 2 spell: Blink
  1957 | D:2      | Reached XP level 4. HP: 18/18 MP: 3/8
  1966 | D:2      | Reached skill level 1 in Fighting
  2056 | D:2      | Learned a level 2 spell: Ensorcelled Hibernation
  2091 | D:2      | Found Ixassurr's Assorted Antiques.
  2661 | D:3      | Reached skill level 1 in Invocations
  2746 | D:3      | Reached XP level 5. HP: 22/22 MP: 0/9
  2809 | D:3      | Learned a level 1 spell: Freeze
  2851 | D:3      | Noticed Ijyb
  2858 | D:3      | Killed from afar by Ijyb
  2859 | D:3      | Reached XP level 4. HP: -14/19 MP: 8/8
  3041 | D:3      | Slain by an iguana

Illustrated notes

Levels and vault maps discovered:
D:1:      dpeg_arrival_simpleton_b, layout_basic,
          hellmonk_ecumenical_altar_run_dry, serial_shops, shop,
          grunt_decor_resistance
D:2:      layout_rooms, serial_shops, nicolae_shop_trees, minmay_bisected
D:3:      layout_loops_ring, uniq_ijyb

Skill      XL: |  1  2  3  4 |
---------------+-------------+-----
Conjurations   | 1 |  1.4
Air Magic      | 3 |  3.3
Unarmed Combat | 1 |  1.3
Dodging        | 3 |  3.4
Fighting       | 1 |  1.7
Stealth        | 3 |  3.3
Invocations    | 1 |  1.4
Spellcasting   | |  2.5
Hexes          | |  0.1
Translocations | |  0.8
Ice Magic      | |  0.1

Action                   |  1- 3 |  4- 6 || total
-------------------------+-------+-------++-------
Melee: Unarmed           |    42 |    39 ||    81
       Punch             |     1 |       ||     1
       Bite              |     1 |     5 ||     6
 Cast: Shock             |    32 |    14 ||    46
       Static Discharge  |    23 |     7 ||    30
       Ensorcelled Hiber |       |    10 ||    10
  Use: Potion            |     1 |     4 ||     5
       Scroll            |     1 |     4 ||     5
 Stab: Sleeping          |     6 |     8 ||    14
Armor: Skin              |    12 |    10 ||    22
Dodge: Dodged            |    74 |    60 ||   134
